Map: Jagannatha LE

Players

Asuna

  • Race: Protoss Protoss
  • League: Master
  • Spawn Location: 7:00

Jason - Winner!

  • Race: Terran Terran
  • League: Grandmaster
  • Spawn Location: 1:00

Event: DreamHack SC2 Masters 2020 Winter

VOD

Have the link to the VOD?

Description

Time

  • Played on: Oct. 13, 2020, 7:12 p.m.
  • Length: 9:11

All games in this series

Show
View Real Time Build Order
Export as new Build Order

Asuna Protoss 

Build Orders: 1 Gate Expand, Blink Stalkers 

Get SALT Encoding   

  12  0:00  Probe  
  13  0:13  Pylon  
  13  0:16  Probe  
  14  0:29  Probe (Chrono Boost)  
  14  0:33  Gateway  
  15  0:40  Probe (Chrono Boost)  
  15  0:42  Assimilator  
  16  0:45  Probe (Chrono Boost)  
  17  0:55  Probe  
  18  1:07  Probe  
  19  1:19  Probe  
  19  1:20  Cybernetics Core  
  20  1:33  Nexus  
  20  1:41  Pylon  
  20  1:43  Probe  
  21  1:51  Assimilator  
  21  1:55  Adept (Chrono Boost)  
  23  2:04  Shield Battery  
  23  2:14  Probe  
  23  2:15  Adept (Chrono Boost)  
  26  2:23  Warp Gate  
  26  2:26  Probe  
  27  2:32  Twilight Council  
  27  2:41  Stalker  
  29  2:45  Probe  
  30  2:51  Probe  
  30  2:57  Probe  
  32  3:03  Shield Battery  
  32  3:04  Probe  
  33  3:09  Probe  
  34  3:15  Blink (Chrono Boost)  
  34  3:16  Probe  
  35  3:23  Probe  
  36  3:28  Probe  
  36  3:31  Stalker (Chrono Boost)  
  37  3:35  Probe  
  37  3:40  Gateway  
  38  3:45  Robotics Facility  
  38  3:51  Probe x2  
  40  3:59  Pylon  
  39  4:03  Probe x2  
  41  4:15  Probe x2  
  43  4:20  Gateway  
  43  4:21  Pylon  
  41  4:26  Stalker  
  41  4:27  Probe x2  
  45  4:34  Assimilator  
  45  4:36  Observer (Chrono Boost)  
  46  4:39  Probe  
  46  4:40  Probe  
  46  4:42  Pylon  
  46  4:43  Stalker  
  50  4:48  Observer (Chrono Boost)  
  50  4:51  Probe  
  50  4:52  Probe  
  53  4:54  Gateway  
  53  4:56  Stalker  
  55  5:01  Assimilator  
  55  5:04  Probe x2  
  57  5:11  Stalker  
  57  5:13  Pylon  
  59  5:16  Probe  
  59  5:17  Stalker  
  59  5:20  Stalker  
  64  5:26  Pylon  
  63  5:37  Gateway  
  63  5:40  Stalker x2  
  63  5:41  Pylon  
  67  5:43  Charge (Chrono Boost)  
  67  5:52  Observer (Chrono Boost)  
  67  5:56  Gateway  
  68  5:57  Gateway  
  68  6:01  Gateway  
  66  6:09  Stalker x3  
  70  6:16  Shield Battery  
  66  6:21  Immortal (Chrono Boost)  
  70  6:32  Pylon x2  
  68  6:34  Pylon  
  68  6:38  Pylon  
  67  6:42  Stalker x2, Pylon  
  67  6:47  Pylon  
  67  6:53  Zealot x5  
  77  6:59  Zealot x2  
  81  7:15  Zealot x5  
  91  7:22  Stalker  
  77  7:28  Stalker  
  51  7:37  Stalker x2  
  51  7:40  Stalker  
  51  7:43  Stalker  
  55  8:02  Stalker x3  
  37  8:30  Stalker x3  
  43  8:36  Stalker  
  43  8:38  Sentry  
  45  8:53  Stalker  
  45  8:54  Sentry x2  
Show
View Real Time Build Order
Export as new Build Order

Jason Terran - Winner!

Build Orders:  

Get SALT Encoding   

  12  0:00  SCV  
  13  0:12  SCV  
  14  0:17  Supply Depot  
  14  0:24  SCV  
  15  0:30  Refinery  
  15  0:38  SCV  
  16  0:44  Barracks  
  16  0:50  SCV  
  16  0:55  Refinery  
  17  1:03  SCV  
  18  1:13  Supply Depot  
  18  1:15  SCV  
  19  1:32  Orbital Command, Reaper  
  20  1:45  Factory  
  20  1:57  SCV  
  21  2:04  Reaper  
  22  2:10  SCV  
  23  2:22  SCV  
  24  2:26  Command Center  
  24  2:29  Hellion  
  26  2:34  SCV  
  27  2:37  Reaper  
  28  2:44  Supply Depot  
  28  2:48  SCV  
  28  2:50  Hellion  
  31  3:00  Starport  
  31  3:06  SCV  
  32  3:15  Barracks Reactor, Factory Tech Lab  
  32  3:20  SCV  
  32  3:37  Siege Tank, Starport Tech Lab  
  32  3:39  SCV, Barracks x2  
  36  3:53  Marine x2  
  38  3:56  Banshee  
  38  4:01  Orbital Command  
  41  4:14  Marine  
  41  4:16  Marine, Siege Tank  
  46  4:17  SCV  
  46  4:26  Marine x2  
  46  4:28  SCV  
  46  4:29  SCV  
  50  4:32  Supply Depot  
  50  4:34  Marine  
  50  4:35  Marine  
  52  4:46  Supply Depot, Marine  
  52  4:49  Marine  
  54  4:54  SCV x2, Banshee  
  54  4:58  Siege Tank  
  62  5:03  Supply Depot  
  62  5:07  Marine x2  
  62  5:08  SCV  
  62  5:10  SCV  
  62  5:12  Marine x2  
  68  5:25  SCV  
  69  5:30  Siege Tank  
  69  5:33  Marine x2  
  69  5:35  Marine x2  
  72  5:36  SCV  
  72  5:37  SCV  
  74  5:50  Marine  
  74  5:51  Marine  
  74  5:54  Marine, Banshee  
  74  5:56  Marine  
  78  5:58  SCV  
  74  6:04  Siege Tank  
  74  6:08  Marine x2  
  76  6:12  Marine  
  76  6:14  SCV  
  76  6:16  SCV  
  77  6:23  Marine  
  75  6:26  SCV, Marine x2  
  75  6:28  SCV  
  75  6:35  Bunker  
  75  6:36  Bunker  
  74  6:41  Marine x2  
  74  6:42  Bunker  
  74  6:44  SCV  
  77  6:54  Marine  
  77  6:57  Marine, Siege Tank  
  84  7:01  Bunker  
  84  7:03  Barracks Tech Lab  
  82  7:10  SCV x2  
  82  7:11  Barracks Tech Lab  
  83  7:21  Starport Reactor  
  83  7:22  SCV  
  74  7:29  Siege Tank  
  63  7:31  Marine x2  
  63  7:33  SCV  
  63  7:34  Marine x2, SCV  
  63  7:36  Combat Shield  
  62  7:41  Bunker  
  62  7:45  SCV  
  62  7:46  SCV  
  62  7:49  Refinery  
  62  7:50  Engineering Bay  
  64  7:56  Marine, Marauder  
  64  7:57  SCV  
  64  7:58  Marauder  
  69  7:59  SCV  
  69  8:05  Medivac  
  69  8:22  Marine  
  69  8:23  Marine x2, Marauder  
  69  8:24  Siege Tank  
  69  8:25  SCV x2  
  73  8:37  SCV x2  
  73  8:40  Supply Depot, Marine  
  73  8:41  Supply Depot  
  76  8:47  Marine  
  74  8:49  SCV x2  
  74  8:50  Bunker  
  74  8:51  Bunker  
  74  8:52  Bunker  
  74  8:53  Bunker  
Tags
 
Add a new tag
Caveats
  • Supply blocks, unpowered buildings, or Contaminate may cause inaccurate times.
  • Supply counts are checked every 10 seconds.